 Dungeon Crawl Stone Soup version 0.20-a0-1122-gb7cbeb9 (webtiles) character file.

1904 wolfsongas the Spear-Bearer (level 9, -3/57 HPs)
             Began as an Octopode Fighter on May 15, 2017.
             Was an Initiate of Dithmenos.
             Slain by an orc warrior
             ... wielding a +0 glaive
              (26 damage)
             ... on level 6 of the Dungeon.
             The game lasted 00:22:43 (6263 turns).

wolfsongas the Spear-Bearer (Octopode Fighter)      Turns: 6263, Time: 00:22:43

Health: -3/57      AC:  2    Str: 20    XL:     9   Next: 16%
Magic:  9/9        EV: 13    Int: 11    God:    Dithmenos [......]
Gold:   23         SH: 10    Dex: 14    Spells: 8/8 levels left

rFire    . . .     SeeInvis +   g - +3 spear (vamp)
rCold    . . .     Gourm    .   b - +1 shield
rNeg     . . .     Faith    .   (helmet restricted)
rPois    .         Spirit   .   (no amulet)
rElec    .         Reflect  .   d - ring of see invisible
rCorr    .         Harm     .   (no ring)
MR       .....                  (no ring)
Stlth    +++.......             (no ring)
Regen    0.2/turn               (no ring)
MPRegen  0.2/turn               (no ring)
                                (no ring)
                                (no ring)

@: mighty
A: almost no armour, stealthy swim, amphibious, 8 rings, constrict 8, antennae
1, rugged brown scales 1, camouflage 1, gelatinous body 1
a: Renounce Religion


You were on level 6 of the Dungeon.
You worshipped Dithmenos.
Dithmenos was noncommittal.
You were full.

You visited 2 branches of the dungeon, and saw 7 of its levels.

You collected 244 gold pieces.
You spent 221 gold pieces at shops.

Inventory:

Hand Weapons
 g - a +3 vampiric spear (weapon)
Armour
 b - a +1 shield (worn)
Jewellery
 d - a ring of see invisible (left tentacle)
Scrolls
 a - 2 scrolls of identify
 h - 3 scrolls of recharging {unknown}
Potions
 c - a potion of cancellation
 f - 3 potions of curing
Comestibles
 i - 2 bread rations


   Skills:
 - Level 3.0 Fighting
 - Level 14.4 Polearms
 + Level 4.5 Dodging
 + Level 0.8 Stealth
 + Level 3.0 Shields


You had 8 spell levels left.
You didn't know any spells.

Dungeon Overview and Level Annotations

Branches:
Dungeon (6/15)             Temple (1/1) D:4

Altars:
Dithmenos
Elyvilon
Fedhas
Gozag
Hepliaklqana
Kikubaaqudgha
Nemelex Xobeh
Sif Muna
Trog
Vehumet
Wu Jian
Zin

Shops:
D:5 (*?*}


Innate Abilities, Weirdness & Mutations

You cannot wear most types of armour.
You are very stealthy in the water. (Stealth+)
You are amphibious.
You can wear up to eight rings at the same time.
You can use your tentacles to constrict eight enemies at once.
Your skin changes colour to match your surroundings (Stealth+).
Your rubbery body absorbs attacks. (AC +1, EV +1)
You have a pair of small antennae on your head.
You are partially covered in rugged brown scales. (AC +1, +3% HP)


Message History

Dithmenos accepts your kill.
Dithmenos appreciates your extinguishing a source of fire.
You closely miss the orc. You grab the orc.
You constrict the orc, but do no damage.
You block the orc warrior's attack.
Your shield prevents you from hitting the orc.
You squeeze the orc!
You kill the orc!
Dithmenos accepts your kill.
You puncture the orc!
You kill the orc!
Dithmenos accepts your kill.
The orc warrior hits you with a glaive!!
Items here: )) [ †† a hand axe; a dagger; a robe; an orc corpse x2
You puncture the orc warrior! Your grab misses the orc warrior.
You squeeze the orc warrior!
The orc warrior is severely wounded.
The orc warrior hits you with a glaive!!
You die...

.................................
##..############.#..#..........<#
.#..##.........#.#..#..##########
.#..##.#######.#.#..#..# { .
.#.>.............#..#..# #
.#..##.#######...#..#..# #
.#..##.# #...#..#..# # .#..##.#
#.#.#..#... . .......#
#####+#@#..##. ########
#.....oo...# +..........#
#..........# #..........#
#........### #######... ##..#
.o..


You could see an orc warrior and an orc.

Vanquished Creatures
  Edmund (D:4)
  2 phantoms
  A centaur (D:5)
  3 scorpions
  2 hounds
  3 orc wizards
  An orc priest (D:4)
  A hound skeleton (D:4)
  6 gnolls
  7 adders
  An ooze (D:6)
  3 adder skeletons (D:4)
  3 worms
  5 dart slugs
  4 leopard geckos
  16 orcs
  3 ball pythons
  3 giant cockroaches
  10 goblins
  10 hobgoblins
  13 jackals
  3 quokkas
  9 bats
  2 frilled lizards
  A giant cockroach zombie (D:5)
  A jackal skeleton (D:4)
  8 kobolds
  A leopard gecko skeleton (D:4)
  9 rats
132 creatures vanquished.

Notes
Turn   | Place    | Note
-------+----------+-------------------------------------------
     0 | D:1      | wolfsongas the Octopode Fighter began the quest for the Orb.
     0 | D:1      | Reached XP level 1. HP: 16/16 MP: 1/1
   204 | D:1      | Reached XP level 2. HP: 21/21 MP: 2/2
   389 | D:1      | Reached skill level 3 in Polearms
   688 | D:1      | Reached XP level 3. HP: 26/26 MP: 3/3
  1139 | D:2      | Reached skill level 4 in Polearms
  1321 | D:2      | Reached XP level 4. HP: 13/31 MP: 4/4
  1799 | D:2      | Found an ornate altar of the Wu Jian Council.
  2445 | D:3      | Reached skill level 5 in Polearms
  2483 | D:3      | Reached XP level 5. HP: 33/36 MP: 5/5
  3441 | D:4      | Reached skill level 6 in Polearms
  3441 | D:4      | Reached XP level 6. HP: 42/42 MP: 6/6
  3521 | D:4      | Found a deep blue altar of Sif Muna.
  3522 | D:4      | Noticed a phantom
  3840 | D:4      | Killed a phantom
  4149 | D:4      | Found a staircase to the Ecumenical Temple.
  4166 | Temple   | Entered the Ecumenical Temple
  4433 | D:4      | Reached skill level 7 in Polearms
  4480 | D:4      | Reached XP level 7. HP: 46/46 MP: 7/7
  4579 | D:4      | Noticed Edmund
  4598 | D:4      | Killed Edmund
  5096 | D:5      | Entered Level 5 of the Dungeon
  5222 | D:5      | Gained mutation: You have a pair of small antennae on your head. [potion of mutation]
  5222 | D:5      | Gained mutation: You are partially covered in rugged brown scales. (AC +1, +3% HP) [potion of mutation]
  5239 | D:5      | Reached skill level 8 in Polearms
  5304 | D:5      | Found Doniol's Gadget Emporium.
  5417 | D:5      | Found a shadowy altar of Dithmenos.
  5445 | D:5      | Became a worshipper of Dithmenos the Shadowed
  5471 | D:5      | Found Boalleul's General Store.
  5474 | D:5      | Found Azyw's Magic Scroll Shop.
  5537 | D:5      | Bought 2 scrolls of enchant weapon for 165 gold pieces
  5566 | D:5      | Bought a scroll of identify for 28 gold pieces
  5566 | D:5      | Bought a scroll of identify for 28 gold pieces
  5642 | D:5      | Reached XP level 8. HP: 47/53 MP: 8/8
  5710 | D:5      | Found Cuton's Assorted Antiques.
  5913 | D:5      | Found Xippiucs's Weapon Boutique.
  6167 | D:6      | Reached skill level 14 in Polearms
  6167 | D:6      | Reached XP level 9. HP: 57/57 MP: 9/9
  6263 | D:6      | Slain by an orc warrior

Vault maps used:
D:1:      dpeg_arrival_houses_and_road
D:2:      nicolae_overflow_crystal_walls, minmay_misc_feat_encased,
          kennysheep_generic_room_11
D:3:      dk_noncrumbling_3
D:4:      minmay_temple_entry_grid, first_bread, minmay_ruined_shrine,
          uniq_edmund
D:5:      grunt_dithmenos_shadows, serial_shops,
          nicolae_shop_temple_entry_statues_fountains, shop, nicolae_shop_stone,
          shop, nicolae_shop_stone, grunt_ministairs_7
D:6:      nrook_mini_vaults
Temple:   cyrus_temple_forest

Skill      XL: |  1  2  3  4  5  6  7  8 |
---------------+-------------------------+-----
Polearms       | 3 4 5 6 7 8 14 | 14.4
Dodging        | 4 |  4.5
Fighting       | |  3.0
Stealth        | |  0.8
Shields        | |  3.0

Action                   |  1- 3 |  4- 6 |  7- 9 || total
-------------------------+-------+-------+-------++-------
Melee: Trident           |    70 |    21 |       ||    91
       Constrict         |    15 |    47 |    17 ||    79
       Tentacles         |     6 |    45 |    22 ||    73
       Spear             |       |   177 |   132 ||   309
  Use: Potion            |     4 |     6 |     3 ||    13
       Scroll            |     3 |     4 |     5 ||    12
 Stab: Sleeping          |     9 |     3 |     2 ||    14
       Distracted        |       |     1 |     1 ||     2
  Eat: Meat ration       |     1 |       |     1 ||     2
       Bread ration      |       |     2 |     1 ||     3
       Fruit             |       |     4 |       ||     4
       Royal jelly       |       |       |     1 ||     1
Armor: Skin              |     2 |    12 |     5 ||    19
Dodge: Dodged            |    27 |    95 |    32 ||   154
Block: Shield            |    31 |    97 |    39 ||   167
